 Dungeon Crawl Stone Soup version 0.22.1-2-g9c5b331383 (webtiles) character file.

12690 Cykl0x the Severer (level 11, -3/99 HPs)
             Began as a Hill Orc Fighter on Nov 25, 2018.
             Was a Priest of Beogh.
             Slain by a tarantella (6 damage)
             ... summoned by a deep elf mage
             ... on level 11 of the Dungeon on Nov 26, 2018.
             The game lasted 00:34:59 (10832 turns).

Cykl0x the Severer (Hill Orc Fighter)              Turns: 10832, Time: 00:35:00

Health: -3/99      AC: 18    Str: 22    XL:     11   Next: 97%
Magic:  11/11      EV:  6    Int:  8    God:    Beogh [***...]
Gold:   748        SH: 17    Dex: 11    Spells: 10/10 levels left

rFire    . . .     SeeInvis +   M - +1 broad axe
rCold    . . .     Gourm    .   c - +1 shield
rNeg     . . .     Faith    .   K - +0 plate armour
rPois    .         Spirit   .   l - +0 helmet
rElec    .         Reflect  +   e - +0 cloak
rCorr    .         Harm     .   i - +1 pair of gloves
MR       .....                  (no boots)
Stlth    ..........             p - +4 amulet of reflection
HPRegen  0.26/turn              O - ring of see invisible
MPRegen  0.12/turn              r - ring of flight

@: about to teleport
A: no striking features
a: Smiting, Renounce Religion, Evoke Flight


You were on level 11 of the Dungeon.
You worshipped Beogh.
Beogh was most pleased with you.
You were hungry.

You visited 1 branch of the dungeon, and saw 11 of its levels.

You collected 840 gold pieces.
You spent 92 gold pieces at shops.

Inventory:

Hand Weapons
 a - a +0 war axe
 y - a +0 war axe of electrocution
 M - a +1 broad axe (weapon)
Missiles
 h - 393 stones
 D - 4 throwing nets
 H - 9 tomahawks (quivered)
Armour
 c - a +1 shield (worn)
 e - a +0 cloak (worn)
 i - a +1 pair of gloves (worn)
 l - a +0 helmet (worn)
 K - a +0 plate armour (worn)
Jewellery
 p - a +4 amulet of reflection (around neck)
 r - a ring of flight (right hand)
 z - an uncursed amulet of regeneration
 E - an uncursed amulet of harm
 G - a +3 ring of dexterity
 L - an uncursed ring of stealth
 O - a ring of see invisible (left hand)
 T - an uncursed ring of protection from fire {unknown}
 V - a +3 amulet of reflection
 Z - an uncursed ring of stealth
Wands
 g - a wand of iceblast (6)
 t - a wand of random effects (25)
 v - a wand of flame (52)
 F - a wand of acid (9)
 N - a wand of digging (13)
 R - a wand of polymorph (15)
Scrolls
 j - 6 scrolls of remove curse
 k - 2 scrolls of magic mapping
 o - 5 scrolls of teleportation
 u - a scroll of amnesia
 J - 5 scrolls of identify
 Q - a scroll of random uselessness {unknown}
 W - a scroll of fear
 X - a scroll of blinking
Potions
 b - a potion of degeneration
 d - 2 potions of might
 m - 2 potions of flight
 n - 4 potions of curing
 q - 3 potions of haste
 s - 2 potions of brilliance
 w - 2 potions of cancellation
 x - 2 potions of ambrosia
 A - 2 potions of agility {unknown}
 B - 3 potions of berserk rage {unknown}
 C - a potion of heal wounds {unknown}
 I - 2 potions of invisibility {unknown}
 P - a potion of mutation {unknown}
 S - a potion of resistance {unknown}
 U - a potion of magic {unknown}
Comestibles
 f - 23 rations
 Y - 9 chunks of flesh


   Skills:
 + Level 9.9 Fighting
 + Level 15.3 Axes
 + Level 0.4 Throwing
 + Level 7.6 Armour
 + Level 1.6 Dodging
 + Level 0.1 Stealth
 + Level 11.1 Shields
 + Level 0.3 Invocations
 + Level 1.2 Evocations


You had 10 spell levels left.
You didn't know any spells.
Your spell library contained the following spells:

 Spells                   Type           Power        Failure   Level  Hunger
 Summon Lightning Spire   Summ/Air       #.......     100%        4    #####..
 Silence                  Hex/Air        #.........   100%        5    ######.
 Conjure Ball Lightning   Conj/Air       #.........   100%        6    #######
 Deflect Missiles         Chrm/Air       #.........   100%        6    #######
 Tornado                  Air            #.........   100%        9    #######


Dungeon Overview and Level Annotations

Branches:
Dungeon (11/15)            Temple (0/1) D:4            Lair (0/6) D:9
    Orc (0/2) D:10

Altars:
Fedhas
Kikubaaqudgha
Makhleb
Nemelex Xobeh
Okawaru
Qazlal
Sif Muna
Vehumet
Xom

Shops:
D:7 (   D:10 [

Annotations:
D:4 3 runed doors, Mysteryquy's ghost, amateur GrFi


Message History

The orc warrior hits you with a short sword.
* * * LOW HITPOINT WARNING * * *
A wight comes into view. It is wielding an enchanted hand axe.
You block the red devil's attack.
The demonic crawler barely misses you. x2
The demonic crawler hits you but does no damage.
The orc priest calls upon Beogh to heal the orc warrior.
The orc warrior is healed somewhat.
The wight hits you but does no damage.
As you read the scroll of teleportation, it crumbles to dust.
You feel strangely unstable. You block the tarantella's attack.
You block the hell rat's attack.
The demonic crawler hits you but does no damage.
The demonic crawler hits you.
* * * LOW HITPOINT WARNING * * *
The demonic crawler hits you.
* * * LOW HITPOINT WARNING * * *
The deep elf mage barely misses you.
The orc warrior hits you with a short sword!
* * * LOW HITPOINT WARNING * * *
You block the hell rat's attack. The tarantella bites you.
You die...

#.....### ##.......##
#...### ##.....## ##..#
##....### # ##...##
#....... #.#.....###
##<...... ..........###
##.....###
......(.....####....###
.......se...........#
......rz@s....z.....#
.......osr÷z.(......#
...#....o4...(.......#
##.....†............
##.)##.##...........
#..#≈≈≈#).....##...
....#≈(≈#..#...# #.
......#≈§≈#....>...
........#####(.##....


You could see a demonic crawler, a deep elf mage, a red devil, a tarantella, an
orc warrior, a scorpion, 2 hell rats, 3 wights and an orc priest.

Vanquished Creatures
  Harold (D:7)
  2 two-headed ogres
  An ice statue (D:8)
  2 komodo dragons (D:9)
  A merfolk (D:11)
  2 trolls
  5 hippogriffs
  12 yaks
  A hungry ghost (D:11)
  Duvessa (D:4)
  5 sky beasts
  5 orc warriors
  4 ice beasts
  9 ogres
  A necrophage (D:8)
  5 centaurs
  A crocodile (D:11)
  A big kobold (D:8)
  6 bullfrogs
  A wyvern zombie (D:7)
  A wyvern skeleton (D:10)
  Dowan (D:4)
  4 scorpions
  10 killer bees (D:8)
  5 wights (D:6)
  4 howler monkeys
  4 crimson imps
  2 centaur zombies
  2 quasits
  2 bullfrog zombies
  2 jellies
  4 hounds
  3 orc priests
  A bullfrog skeleton (D:9)
  2 centaur skeletons
  7 iguanas
  Ijyb (D:3)
  11 orc wizards
  6 worker ants
  A killer bee zombie (D:7)
  3 hound zombies
  2 worker ant zombies
  Robin (D:3)
  10 adders
  3 gnolls (D:3)
  A shadow imp (D:5)
  2 oozes (D:3)
  An adder skeleton (D:9)
  2 adder zombies
  A worm (D:4)
  2 dart slugs
  4 leopard geckos
  40 orcs
  A ball python (D:3)
  9 giant cockroaches
  17 goblins
  11 hobgoblins
  16 jackals
  9 kobolds
  4 quokkas
  11 bats
  7 frilled lizards
  A jackal skeleton (D:4)
  10 rats
  A rat zombie (D:3)
  2 plants (D:9)
310 creatures vanquished.

Vanquished Creatures (others)
  An orc warrior (D:11)
  3 centaurs (D:6)
  A hound (D:7)
  An adder (D:7)
  An orc (D:11)
  A goblin (D:3)
  A kobold (D:8)
  A plant (D:9)
10 creatures vanquished.

Grand Total: 320 creatures vanquished

Notes
Turn   | Place    | Note
-------+----------+-------------------------------------------
     0 | D:1      | Cykl0x the Hill Orc Fighter began the quest for the Orb.
     0 | D:1      | Reached XP level 1. HP: 19/19 MP: 1/1
   173 | D:1      | Reached XP level 2. HP: 20/27 MP: 2/2
   361 | D:1      | Reached skill level 3 in Axes
   551 | D:1      | Reached XP level 3. HP: 32/33 MP: 3/3
  1363 | D:2      | Found a radiant altar of Vehumet.
  1732 | D:2      | Reached XP level 4. HP: 40/40 MP: 4/4
  2225 | D:3      | Reached skill level 4 in Axes
  2392 | D:3      | Reached XP level 5. HP: 36/46 MP: 5/5
  2584 | D:3      | Found a burning altar of Makhleb.
  2683 | D:3      | Found an ancient bone altar of Kikubaaqudgha.
  2786 | D:3      | Noticed Robin
  2800 | D:3      | Killed Robin
  2800 | D:3      | Reached skill level 5 in Axes
  3009 | D:3      | Noticed Ijyb
  3022 | D:3      | Killed Ijyb
  3022 | D:3      | Reached XP level 6. HP: 30/55 MP: 6/6
  3367 | D:4      | Reached skill level 5 in Fighting
  3367 | D:4      | Reached skill level 6 in Axes
  3515 | D:4      | Found a runed gate.
  3515 | D:4      | Found a runed gate.
  3604 | D:4      | Found a staircase to the Ecumenical Temple.
  3605 | D:4      | Noticed Duvessa
  3605 | D:4      | Noticed Dowan
  3611 | D:4      | Killed Dowan
  3611 | D:4      | Reached skill level 5 in Shields
  3616 | D:4      | Killed Duvessa
  3616 | D:4      | Reached XP level 7. HP: 55/61 MP: 7/7
  3950 | D:4      | Found a runed gate.
  3955 | D:4      | Noticed Mysteryquy's ghost (amateur GrFi)
  4010 | D:5      | Entered Level 5 of the Dungeon
  4069 | D:5      | Found a stormy altar of Qazlal.
  4100 | D:5      | Found a sparkling altar of Nemelex Xobeh.
  4460 | D:5      | Reached skill level 7 in Axes
  4460 | D:5      | Reached skill level 5 in Armour
  4485 | D:5      | Found a deep blue altar of Sif Muna.
  4489 | D:5      | Found a blossoming altar of Fedhas.
  4500 | D:5      | Found an iron altar of Okawaru.
  4649 | D:5      | Reached XP level 8. HP: 48/68 MP: 8/8
  5126 | D:6      | Reached skill level 8 in Axes
  5135 | D:6      | Reached skill level 9 in Axes
  5282 | D:6      | Reached skill level 1 in Dodging
  5515 | D:6      | Reached XP level 9. HP: 62/75 MP: 9/9
  5529 | D:6      | Reached skill level 10 in Axes
  6572 | D:7      | Became a worshipper of Beogh the Brigand
  6572 | D:7      | Noticed Harold
  6578 | D:7      | Reached skill level 11 in Axes
  6706 | D:7      | Found Ulohec's Antique Weapon Shoppe.
  6723 | D:7      | Found a shimmering altar of Xom.
  6759 | D:7      | Killed Harold
  6759 | D:7      | Reached skill level 12 in Axes
  6759 | D:7      | Reached XP level 10. HP: 83/88 MP: 10/10
  6784 | D:7      | Bought a broad axe for 92 gold pieces
  6910 | D:7      | Reached * piety under Beogh
  7045 | D:8      | Noticed an ice statue
  7174 | D:8      | Noticed a two-headed ogre
  7188 | D:8      | Killed a two-headed ogre
  7997 | D:8      | Reached skill level 13 in Axes
  8196 | D:8      | Reached ** piety under Beogh
  8396 | D:8      | Killed an ice statue
  8520 | D:9      | Reached skill level 1 in Evocations
  8520 | D:9      | Reached XP level 11. HP: 28/95 MP: 11/11
  8773 | D:9      | Reached skill level 10 in Shields
  8950 | D:9      | Noticed a two-headed ogre
  8967 | D:9      | Killed a two-headed ogre
  9104 | D:9      | Found a staircase to the Lair.
  9175 | D:9      | Reached skill level 14 in Axes
  9685 | D:10     | Entered Level 10 of the Dungeon
  9707 | D:10     | Found Qeuxo's Antique Armour Shoppe.
 10035 | D:10     | Found a staircase to the Orcish Mines.
 10057 | D:10     | Reached *** piety under Beogh
 10674 | D:11     | Reached skill level 15 in Axes
 10815 | D:11     | Noticed a deep elf mage
 10832 | D:11     | HP: 3/99 [orc warrior/short sword (8)]
 10832 | D:11     | Slain by a tarantella

Skill      XL: |  1  2  3  4  5  6  7  8  9 10 11 |
---------------+----------------------------------+-----
Axes           | 3 4 5 6 7 9 12 13 15 | 15.3
Armour         | 4 5 6 7 |  7.6
Fighting       | 4 5 7 8 9 |  9.9
Shields        | 4 5 6 7 8 9 11 | 11.1
Dodging        | 1 |  1.6
Evocations     | 1 |  1.2
Throwing       | |  0.4
Stealth        | |  0.1
Invocations    | |  0.3

Action                   |  1- 3 |  4- 6 |  7- 9 | 10-12 || total
-------------------------+-------+-------+-------+-------++-------
Melee: War axe           |   157 |   182 |   292 |     7 ||   638
       Broad axe         |       |       |       |   477 ||   477
Throw: Stone             |       |     4 |       |       ||     4
       Throwing net      |       |       |     1 |     2 ||     3
       Tomahawk          |       |       |       |     2 ||     2
Invok: Convert to Beogh  |       |       |     1 |       ||     1
       Smiting           |       |       |       |     2 ||     2
 Abil: Stop Flying       |       |       |     2 |     2 ||     4
       Evoke Flight      |       |       |     2 |     2 ||     4
  Use: Scroll            |     5 |     4 |     1 |     9 ||    19
       Potion            |       |       |     1 |     2 ||     3
  Eat: Chunk             |     2 |     7 |     8 |    12 ||    29
       Ration            |       |       |     1 |     1 ||     2
Armor: Scale mail        |    42 |       |       |       ||    42
       Chain mail        |    64 |   126 |    96 |       ||   286
       Plate armour      |       |       |    28 |   196 ||   224
Dodge: Dodged            |    48 |    41 |    37 |    82 ||   208
Block: Shield            |    98 |   147 |   246 |   465 ||   956
       Reflection        |       |     7 |    30 |    17 ||    54
